 Dungeon Crawl Stone Soup version 0.32-a0-576-g706899e (webtiles) character file.

Game seed: 11107160038208289368

1351 9stopf the Poker (level 8, -7/88 HPs)
             Began as a Coglin Warper on Mar 1, 2024.
             Was a Believer of Cheibriados.
             Mangled by Pikel the tarantella (9 damage)
             ... on level 5 of the Dungeon.
             The game lasted 00:11:59 (4369 turns).

9stopf the Poker (Coglin Warper)                    Turns: 4369, Time: 00:11:59

Health: -7/88      AC:  7    Str: 18    XL:     8   Next: 63%
Magic:  10/10      EV: 12    Int: 16    God:    Cheibriados [**....]
Gold:   230        SH:  0    Dex: 18    Spells: 4/10 levels left

rFire   . . .        t - +2 demon trident (vamp) {Surjit}
rCold   . . .        v - +0 trident {Isolde}
rNeg    . . .        a - +2 ring mail {Will+}
rPois   .            (no helmet)
rElec   .            (no cloak)
rCorr   .            (no gloves)
SInv    .            (no boots)
Will    +....        (amulet unavailable) Stlth
                     (ring unavailable)
HPRegen 0.34/turn    (ring unavailable)
MPRegen 0.12/turn    (no gizmo)

%: no passive effects
@: confused, berserking (expiring), revved, very slow
A: off-hand wielding, slow wielding, warmup strikes, no jewellery
a: Invent Gizmo, Renounce Religion, Bend Time


You were on level 5 of the Dungeon.
You worshipped Cheibriados.
Cheibriados was pleased with you.
You visited 2 branches of the dungeon, and saw 6 of its levels.
You also visited: Ossuary.

You collected 334 gold pieces.
You spent 104 gold pieces at shops.

Inventory:

Hand Weapons
 t - a +2 vampiric demon trident (weapon) {Surjit}
 v - a +0 trident (offhand) {Isolde}
Missiles
 g - 6 poisoned darts
Armour
 a - a +2 ring mail of willpower (worn)
Scrolls
 b - 2 scrolls of vulnerability
 c - 6 scrolls of blinking
 d - 2 scrolls of poison
 e - 2 scrolls of teleportation
 m - a scroll of fog
Potions
 f - 3 potions of attraction
 i - 3 potions of ambrosia
 n - a potion of haste {unknown}
 o - a potion of heal wounds {unknown}
 p - a potion of magic {unknown}
 q - a potion of degeneration {unknown}
 r - 3 potions of mutation
 s - a potion of berserk rage


   Skills:
 + Level 3.6 Fighting
 + Level 5.3 Polearms
 - Level 0.8 Throwing
 + Level 3.5 Armour
 + Level 3.5 Dodging
 - Level 4.0 Stealth
 - Level 1.7 Spellcasting
 - Level 3.0 Translocations
 - Level 5.0 Evocations


You had 4 spell levels left.
You knew the following spells:

 Your Spells              Type           Power      Damage    Failure   Level
e - Manifold Assault      Tloc           11%        N/A       71%         4
q - Lesser Beckoning      Tloc           22%        N/A       16%         2

Your spell library contained the following spells:

 Spells                   Type           Power      Damage    Failure   Level
 Blink                    Tloc           22%        N/A       16%         2
 Teleport Other           Tloc           11%        N/A       32%         3
 Shock                    Conj/Air       4%         1d3       36%         1
 Ensorcelled Hibernation  Hex/Ice        2%         N/A       50%         2
 Fugue of the Fallen      Necr           1%         N/A       73%         3
 Swiftness                Air            1%         N/A       73%         3
 Vhi's Electric Charge    Tloc/Air       12%        N/A       89%         4
 Airstrike                Air            0%         2d(1-17)  98%         4
 Anguish                  Hex/Necr       0%         N/A       98%         4


Dungeon Overview and Level Annotations

Branches:
Dungeon (5/15)             Temple (1/1) D:4         Ossuary (visited)

Altars:
Cheibriados
Dithmenos
Fedhas
Gozag
Hepliaklqana
Makhleb
Nemelex Xobeh
Qazlal
Sif Muna
Trog
Uskayaw
Vehumet
Xom
Yredelemnul
Zin

Shops:
D:1 ?   D:4 (

Annotations:
D:5 2 transporters, Pikel; ooops's ghost, novice DsSh


Innate Abilities, Weirdness & Mutations

You can wield a second weapon in your off-hand.
It takes a long time for you to wield or remove held weapons.
Your first few attacks do less damage.
You cannot equip rings or amulets.


Message History

Pikel closely misses you. x2
Okay, then.
You barely miss Pikel with your +2 vampiric demon trident.
Pikel is severely wounded.
You closely miss Pikel with your +0 trident.
The lemure shouts!
Pikel touches you!
You are afflicted by dizzying energies!
You are more confused.
The lemure closely misses you. Pikel touches you!
* * * LOW HITPOINT WARNING * * *
You are afflicted by dizzying energies!
You are more confused.
You are too confused!
Unknown command.
You are too confused!
It was a potion of berserk rage.
A red film seems to cover your vision as you go berserk!
Cheibriados protects you from inadvertent hurry.
You feel mighty! Pikel touches you but does no damage. The lemure misses you.
The lemure hits you but does no damage.
You feel a strong urge to attack something.
Pikel barely misses you. The lemure hits you but does no damage.
Pikel barely misses you. The lemure hits you!
* * * LOW HITPOINT WARNING * * *
The lemure hits you.
* * * LOW HITPOINT WARNING * * *
Pikel closely misses you.
You bump into the rock wall.
Pikel closely misses you. The lemure closely misses you.
The lemure barely misses you.
You barely miss Pikel with your +2 vampiric demon trident.
Pikel is heavily wounded.
You miss Pikel with your +0 trident. Pikel touches you.
* * * LOW HITPOINT WARNING * * *
The lemure hits you.
* * * LOW HITPOINT WARNING * * *
The lemure hits you.
* * * LOW HITPOINT WARNING * * *
Pikel touches you!
You die...
Cheibriados appreciates the motionlessness of death.

.5...#....#.........##+##..#ß....
..5..#....+.........#......#.....
.....####+#.........+......#.....
....s...............#.....©#....©
..).................#+###..#.....
......5....##########......#.....
...........'.......#.......#ß....
...........#...s5..+.......##©...
...........#..55@..#.....)..#####
...#########...##..##.##.........
... ......##...##..#######.......
... ........†...#......# ########
... ............#......#
########....#......#
#....#......# #....#......#
#....#......#


You could see Pikel the tarantella and 3 lemures.

Vanquished Creatures
  Prince Ribbit (D:5)
  A black bear (D:3)
  An ogre (D:5)
  A boggart (D:5)
  An elf zombie (Ossuary)
  A howler monkey (D:4)
  2 bombardier beetles
  3 centaur zombies (Ossuary)
  A human zombie (Ossuary)
  3 orc priests
  A jelly (D:5)
  A hound (D:5)
  A sleepcap (D:5)
  6 orc wizards (D:4)
  5 hound zombies (Ossuary)
  2 mummies (Ossuary)
  5 adders
  An ufetubus (D:5)
  6 adder zombies (Ossuary)
  A dart slug (D:1)
  A ribbon worm (D:2)
  9 orcs
  8 ball pythons
  10 endoplasms
  4 giant cockroaches
  7 gnoll zombies (Ossuary)
  9 goblins
  13 hobgoblins
  4 jackals (D:5)
  4 kobolds
  A quokka (D:5)
  7 bats
  7 frilled lizards
  3 jackal zombies (Ossuary)
  4 kobold zombies (Ossuary)
  7 orc zombies (Ossuary)
  4 rats
146 creatures vanquished.

Notes
Turn   | Place    | Note
-------+----------+-------------------------------------------
     0 | D:1      | 9stopf the Coglin Warper began the quest for the Orb.
     0 | D:1      | Reached XP level 1. HP: 16/16 MP: 3/3
    67 | D:1      | Reached skill level 1 in Armour
   100 | D:1      | Reached XP level 2. HP: 22/22 MP: 4/4
   304 | D:1      | Reached XP level 3. HP: 27/27 MP: 5/5
   641 | D:1      | Found Heta's Magic Scroll Boutique.
   646 | D:1      | Bought a scroll of identify for 26 gold pieces
   646 | D:1      | Bought a scroll of noise for 13 gold pieces
   706 | D:2      | Reached skill level 1 in Stealth
   847 | D:2      | Reached XP level 4. HP: 18/34 MP: 6/6
  1182 | D:2      | Learned a level 2 spell: Lesser Beckoning
  1187 | D:2      | Learned a level 4 spell: Manifold Assault
  1902 | D:3      | Reached XP level 5. HP: 21/40 MP: 7/7
  2205 | D:1      | Bought a scroll of teleportation for 39 gold pieces
  2205 | D:1      | Bought a scroll of identify for 26 gold pieces
  2275 | D:4      | Noticed a black bear
  2313 | D:3      | Killed a black bear
  2314 | D:3      | Reached skill level 1 in Evocations
  2481 | D:4      | Reached XP level 6. HP: 36/47 MP: 8/8
  2802 | D:4      | Reached XP level 7. HP: 21/52 MP: 9/9
  2916 | D:4      | Found a burning altar of Makhleb.
  2999 | D:4      | Found a staircase to the Ecumenical Temple.
  3004 | Temple   | Entered the Ecumenical Temple
  3025 | Temple   | Became a worshipper of Cheibriados the Contemplative
  3433 | D:4      | Found Sulaong's Weapon Shop.
  3506 | D:5      | Entered Level 5 of the Dungeon
  3533 | D:5      | Found a transporter.
  3533 | D:5      | Noticed ooops's ghost (novice DsSh)
  3536 | D:5      | Found a transporter.
  3548 | D:5      | Identified a scroll of acquirement
  3548 | D:5      | Acquired a +2 vampiric demon trident
  3606 | D:5      | Found a sand-covered staircase.
  3635 | Ossuary  | Entered an ossuary
  3716 | Ossuary  | Reached * piety under Cheibriados
  3886 | Ossuary  | Reached XP level 8. HP: 52/58 MP: 10/10
  4048 | D:5      | Reached skill level 5 in Evocations
  4121 | D:5      | Noticed Prince Ribbit
  4132 | D:5      | Killed Prince Ribbit
  4132 | D:5      | Reached ** piety under Cheibriados
  4133 | D:5      | Reached skill level 5 in Polearms
  4331 | D:5      | Noticed Pikel
  4333 | D:5      | Pikel changed into Pikel the tarantella
  4333 | D:5      | Noticed Pikel
  4369 | D:5      | HP: 4/88 [lemure[Pikel] (5)]
  4369 | D:5      | Mangled by Pikel the tarantella

Illustrated notes

Levels and vault maps discovered:
D:1:      eino_arrival_water_star, layout_rooms, serial_aquarium,
          aquarium_bridge_straight [aquarium_subvault_bridge,
          aquarium_subvault_wall, aquarium_subvault_bridge,
          aquarium_subvault_wall], aquarium_window_fake,
          aquarium_window_corridor_1, aquarium_window_1, aquarium_window_2,
          aquarium_view_2f, aquarium_view_2a, aquarium_balcony_3a, serial_shops,
          nicolae_shop_hallway_stairs, nicolae_the_louvre
D:2:      layout_loops_ring
D:3:      layout_basic
D:4:      layout_basic, overflow_temple_1_default,
          minmay_temple_entry_nine_rooms, serial_shops, nicolae_shop_peninsula,
          minmay_cut_off
D:5:      layout_gridville, enter_ossuary_1, gammafunk_ghost_arena,
          nicolae_concentric_dashed_squares_wild, kennysheep_small_circle,
          uniq_pikel, uniq_prince_ribbit1
Temple:   jpeg_temple_clearing

Skill      XL: |  1  2  3  4  5  6  7  8 |
---------------+-------------------------+-----
Armour         | 1 2 3 |  3.5
Polearms       | 2 3 4 5 |  5.3
Dodging        | 2 3 |  3.5
Stealth        | 1 2 3 4 |  4.0
Fighting       | 3 |  3.6
Evocations     | 1 2 4 5 |  5.0
Throwing       | |  0.8
Spellcasting   | |  1.7
Translocations | |  3.0

Action                     |  1- 3 |  4- 6 |  7- 9 || total
---------------------------+-------+-------+-------++-------
  Melee: Spear             |    93 |   312 |   181 ||   586
         Dagger            |    70 |    13 |       ||    83
         Demon trident     |       |       |   151 ||   151
         Trident           |       |       |    37 ||    37
  Throw: Dart              |       |     7 |       ||     7
  Evoke: Wand              |       |       |     5 ||     5
    Use: Scroll            |     1 |     3 |    10 ||    14
         Potion            |       |     1 |     6 ||     7
   Stab: Sleeping          |     2 |     3 |     2 ||     7
         Distracted        |       |       |     1 ||     1
 Armour: Leather armour    |    43 |    86 |    14 ||   143
         Skin              |       |    11 |       ||    11
         Ring mail         |       |       |    94 ||    94
  Dodge: Dodged            |    37 |    68 |   106 ||   211

Table legend: (Time is in decaauts)
 A = Elapsed time spent in this place.
 B = Non-inter-level travel time spent in this place.
 C = Inter-level travel time spent in this place.
 D = Time resting spent in this place.
 E = Time spent auto-exploring this place.
 F = Levels seen in this place.
 G = Mean time per level.
                   A        B        C        D        E       F      G
               +--------+--------+--------+--------+--------+-----+--------+
         Total |   4666 |   4342 |    324 |    398 |   2585 |   7 |  666.6 |
       Dungeon |   4315 |   4035 |    280 |    398 |   2546 |   5 |  863.0 |
        Temple |     48 |      4 |     44 |      0 |      0 |   1 |   48.0 |
       Ossuary |    302 |    302 |      0 |      0 |     38 |   1 |  302.0 |
               +--------+--------+--------+--------+--------+-----+--------+

Top non-repeatable levels by time:
     D:4: 1091 daAuts
     D:2: 935 daAuts
     D:3: 842 daAuts
     D:5: 760 daAuts
     D:1: 686 daAuts
 Ossuary: 302 daAuts
  Temple: 48 daAuts
